 Dungeon Crawl Stone Soup version 0.25-a0-86-ga6f17ae7d4 (webtiles) character file.

Game seed: 2996532517681746255, levelgen mode: deterministic

3599 MordorOrchid the Carver (level 9, -9/71 HPs)
             Began as a Minotaur Chaos Knight on Nov 9, 2019.
             Was a Plaything of Xom.
             Mangled by an orc warrior
             ... wielding a +0 long sword
              (15 damage)
             ... on level 8 of the Dungeon.
             The game lasted 00:15:42 (6389 turns).

MordorOrchid the Carver (Minotaur Chaos Knight)     Turns: 6389, Time: 00:15:43

Health: -9/71      AC: 13    Str: 20    XL:     9   Next: 85%
Magic:  8/8        EV:  7    Int:  9    God:    Xom [.*....]
Gold:   499        SH: 11    Dex:  8    Spells: 8/8 levels left

rFire    . . .     SeeInvis .   a - +2 falchion (chaos)
rCold    . . .     Gourm    .   q - +0 shield
rNeg     . . .     Faith    .   v - +0 chain mail
rPois    .         Spirit   .   (helmet restricted)
rElec    .         Reflect  .   (no cloak)
rCorr    .         Harm     .   (no gloves)
MR       .....                  (no boots)
Stlth    ..........             n - amulet of the acrobat
HPRegen  0.21/turn              (no ring)
MPRegen  0.11/turn              (no ring)

@: no status effects
A: retaliatory headbutt, horns 2, slimy green scales 1, clumsy 1
a: Renounce Religion


You were on level 8 of the Dungeon.
You worshipped Xom.
You were a plaything of Xom.
You were not hungry.

You visited 1 branch of the dungeon, and saw 8 of its levels.
You also visited: Sewer.

You collected 499 gold pieces.

Inventory:

Hand Weapons
 a - a +2 falchion of chaos (weapon)
 j - a +0 hunting sling
 y - a +2 shortbow of flaming
 F - a +4 short sword of freezing
 G - a +4 falchion
 I - the +7 battleaxe "Unleubau" {pain, rC+, unknown}
   (You found it on level 6 of the Dungeon)

   In the hands of one skilled in necromantic magic, it inflicts extra damage on
   living creatures.
   It protects you from cold.
Missiles
 i - 22 poisoned darts
 k - 6 datura-tipped darts
 l - 193 stones
 o - 57 bolts
 r - 9 boomerangs (quivered)
 t - 87 sling bullets
 A - 68 arrows
Armour
 b - a +2 leather armour
 q - a +0 shield (worn)
 v - a +0 chain mail (worn)
Jewellery
 n - an amulet of the acrobat (around neck)
 E - an uncursed ring of ice
 K - an uncursed amulet of magic regeneration {unknown}
Wands
 m - a wand of digging (6)
 C - a wand of random effects (18)
 J - a wand of flame (10)
Scrolls
 f - a scroll of teleportation
 g - 2 scrolls of amnesia
 h - 3 scrolls of remove curse
 u - a scroll of noise {unknown}
 w - 3 scrolls of fear
 x - a scroll of blinking {unknown}
 B - a scroll of fog {unknown}
 D - a scroll of magic mapping {unknown}
 H - a scroll of enchant armour {unknown}
Potions
 d - 4 potions of curing
 p - 4 potions of magic
 s - 2 potions of mutation
 z - a potion of lignification
 L - a potion of resistance {unknown}
 M - a potion of brilliance {unknown}
Comestibles
 c - 12 rations


   Skills:
 - Level 4.1 Fighting
 + Level 10.7 Long Blades
 * Level 9.5 Armour
 - Level 1.1 Dodging
 * Level 9.7 Shields


You had 8 spell levels left.
You didn't know any spells.
Your spell library was empty.

Dungeon Overview and Level Annotations

Branches:
Dungeon (8/15)             Temple (0/1) D:7           Sewer (visited)
   Lair: D:8-11

Altars:
Cheibriados
Dithmenos
Gozag
Kikubaaqudgha
Makhleb
Nemelex Xobeh
Qazlal
Sif Muna
Trog
Xom
Yredelemnul

Shops:
D:7 (


Innate Abilities, Weirdness & Mutations

You reflexively headbutt those who attack you in melee.
You have a pair of horns on your head.
You are partially covered in slimy green scales. (AC +2)
You are clumsy. (Dex -2)


Message History

The black bear bites you but does no damage.
The black bear claws you but does no damage. x2
Unknown command.
You closely miss something. Something hits you.
* * * LOW HITPOINT WARNING * * *
The black bear goes berserk!
Xom thinks this is hilarious!
Unknown command.
Okay, then.
Unknown command.
Really quaff the potion of lignification?
Okay, then.
Your shield and chain mail prevent you from hitting the black bear.
You headbutt the black bear!
The black bear is almost dead.
You block the black bear's attack. The black bear completely misses you.
The black bear claws you.
* * * LOW HITPOINT WARNING * * *
Something hits you!
You die...

♣P........ ♣.♣
♣.♣♣ ♣..♣♣ #♣..♣
## ###..# ##).
###....#
##....###.....##
......{@.....##
......h...####
###########


You could see a black bear (berserk).

Vanquished Creatures
  A hornet (D:8)
  A yak (D:7)
  Purgy (Sewer)
  3 ice beasts
  An orc warrior (D:4)
  A sky beast (D:7)
  3 phantoms
  2 black bears
  2 centaurs
  3 ogres
  A crocodile (D:7)
  2 bullfrogs (D:7)
  Dowan (D:5)
  A howler monkey (D:4)
  4 wights (D:6)
  5 crimson imps
  A centaur zombie (D:5)
  2 quasits
  2 bullfrog zombies (D:5)
  2 jellies
  3 orc priests
  3 hounds
  A centaur skeleton (D:5)
  A bullfrog skeleton (D:5)
  An iguana (D:5)
  3 worker ants
  A killer bee zombie (D:5)
  A hound zombie (D:6)
  A hound skeleton (D:6)
  A howler monkey zombie (D:6)
  5 gnolls
  2 howler monkey skeletons
  8 adders
  A shadow imp (D:5)
  2 adder zombies
  2 worms
  5 leopard geckos
  15 orcs
  12 bats
  9 giant cockroaches
  6 goblins
  5 hobgoblins
  5 jackals
  7 kobolds
  5 quokkas
  2 ball pythons
  8 frilled lizards
  A giant cockroach zombie (D:5)
  A jackal skeleton (D:6)
  A quokka zombie (D:7)
  7 rats
164 creatures vanquished.

Vanquished Creatures (collateral kills)
  A komodo dragon (shapeshifter) (D:4)
  Duvessa (D:5)
  A crimson imp (D:5)
  A river rat (D:5)
  A rat (D:5)
5 creatures vanquished.

Grand Total: 169 creatures vanquished

Notes
Turn   | Place    | Note
-------+----------+-------------------------------------------
     0 | D:1      | MordorOrchid the Minotaur Chaos Knight began the quest for
                  | the Orb.
     0 | D:1      | Reached XP level 1. HP: 19/19 MP: 0/0
    65 | D:1      | Reached skill level 4 in Long Blades
    65 | D:1      | Reached XP level 2. HP: 22/27 MP: 1/1
   112 | D:1      | XOM: divination: magic mapping
   245 | D:1      | XOM: stat loss: -1 Str (15/16)
   294 | D:1      | XOM: harmless Summ miscast
   319 | D:1      | XOM: enchant monster (bad)
   319 | D:1      | Reached XP level 3. HP: 31/33 MP: 2/2
   355 | D:1      | XOM: silly message
   509 | D:1      | XOM: harmless Air miscast
   706 | D:1      | XOM: cloud trail
   760 | D:1      | XOM: smoke on damage
  1218 | D:2      | XOM: divination: detect items
  1299 | D:2      | You fall into a shaft and drop 1 floor!
  1445 | D:2      | Reached XP level 4. HP: 35/40 MP: 3/3
  1512 | D:2      | Reached skill level 5 in Long Blades
  1727 | D:3      | Reached skill level 1 in Shields
  1756 | D:3      | Found a shadowy altar of Dithmenos.
  1885 | D:3      | Found a faded altar of an unknown god.
  2001 | D:4      | XOM: noise
  2006 | D:4      | Reached XP level 5. HP: 35/46 MP: 4/4
  2006 | D:4      | Noticed an ogre
  2012 | D:4      | XOM: noise
  2101 | D:4      | XOM: god gift: 14 gold pieces
  2134 | D:4      | Found a bloodstained altar of Trog.
  2143 | D:4      | Found an opulent altar of Gozag.
  2151 | D:4      | Noticed an orc warrior
  2151 | D:4      | XOM: scenery: create altars
  2185 | D:4      | Killed an orc warrior
  2185 | D:4      | Reached skill level 6 in Long Blades
  2190 | D:4      | Reached XP level 6. HP: 27/52 MP: 5/5
  2248 | D:4      | Noticed a shapeshifter
  2248 | D:4      | a quokka changed into a shapeshifter
  2248 | D:4      | Noticed a komodo dragon
  2248 | D:4      | a shapeshifter changed into a komodo dragon
  2250 | D:4      | XOM: butterfly on damage
  2251 | D:4      | XOM: fog
  2267 | D:4      | XOM: summons 6 friendly demons
  2269 | D:4      | Killed a komodo dragon
  2269 | D:4      | Reached skill level 7 in Long Blades
  2269 | D:4      | Reached skill level 5 in Armour
  2269 | D:4      | Reached XP level 7. HP: 18/59 MP: 6/6
  2451 | D:4      | XOM: god gift: 48 gold pieces
  2587 | D:4      | Found a shimmering altar of Xom.
  3030 | D:4      | Found a sparkling altar of Nemelex Xobeh.
  3033 | D:4      | Found an ancient bone altar of Kikubaaqudgha.
  3036 | D:4      | Found a shimmering blue altar of Sif Muna.
  3221 | D:5      | Entered Level 5 of the Dungeon
  3342 | D:5      | XOM: enchant monster (good)
  3417 | D:5      | Noticed Duvessa
  3418 | D:5      | Noticed Dowan
  3421 | D:5      | XOM: noise
  3423 | D:5      | XOM: cast spell 'Chain of Chaos'
  3432 | D:5      | XOM: summons friendly white imp
  3433 | D:5      | XOM: confuse monster(s)
  3438 | D:5      | XOM: potion effect (haste)
  3457 | D:5      | Killed Dowan
  3457 | D:5      | Reached skill level 8 in Long Blades
  3457 | D:5      | Reached skill level 5 in Shields
  3457 | D:5      | XOM: confuse monster(s)
  3486 | D:5      | Found a glowing drain.
  3493 | Sewer    | Entered a sewer
  3574 | Sewer    | Noticed Purgy
  3589 | Sewer    | Killed Purgy
  3589 | Sewer    | Reached XP level 8. HP: 61/66 MP: 7/7
  3700 | D:5      | XOM: summons 3 friendly demons
  3709 | D:5      | Killed Duvessa
  4065 | D:5      | Found a shimmering blue altar of Sif Muna.
  4217 | D:5      | XOM: harmless Erth miscast
  4221 | D:5      | Reached skill level 9 in Long Blades
  4463 | D:6      | XOM: scenery: create altars
  4534 | D:6      | Reached XP level 9. HP: 71/71 MP: 8/8
  4642 | D:6      | XOM: cleaving
  4666 | D:6      | XOM: cast spell 'Cause Fear'
  4747 | D:6      | Found a basalt altar of Yredelemnul.
  4969 | D:6      | XOM: cleaving
  5156 | D:6      | Got a warped battleaxe
  5220 | D:7      | Reached skill level 10 in Long Blades
  5227 | D:7      | Found a snail-covered altar of Cheibriados.
  5277 | D:7      | XOM: medium Pois miscast
  5420 | D:7      | Found a staircase to the Ecumenical Temple.
  5437 | D:7      | XOM: god gift: ration
  5492 | D:7      | Found a burning altar of Makhleb.
  5493 | D:7      | Found a shimmering altar of Xom.
  5582 | D:7      | Found Teket's Antique Weapon Emporium.
  5584 | D:7      | XOM: noise
  5589 | D:7      | XOM: enchant monster (good)
  5592 | D:7      | XOM: enchant monster (good)
  5610 | D:7      | XOM: give mutations
  5610 | D:7      | Gained mutation: You occasionally shout uncontrollably at
                  | your foes. [Xom's mischief]
  5610 | D:7      | Gained mutation: Your spells are a little harder to cast,
                  | but a little more powerful. [Xom's mischief]
  5610 | D:7      | Gained mutation: Your spells are harder to cast, but more
                  | powerful. [Xom's mischief]
  5610 | D:7      | Gained mutation: Scrolls take you a little longer to read.
                  | [Xom's mischief]
  5611 | D:7      | Found a stormy altar of Qazlal.
  5612 | D:7      | Lost mutation: Your spells are harder to cast, but more
                  | powerful. [potion of mutation]
  5612 | D:7      | Lost mutation: Your spells are a little harder to cast, but
                  | a little more powerful. [potion of mutation]
  5612 | D:7      | Lost mutation: You occasionally shout uncontrollably at
                  | your foes. [potion of mutation]
  5612 | D:7      | Lost mutation: Scrolls take you a little longer to read.
                  | [potion of mutation]
  5612 | D:7      | Gained mutation: You are clumsy. (Dex -2) [potion of
                  | mutation]
  5612 | D:7      | Gained mutation: You are partially covered in slimy green
                  | scales. (AC +2) [potion of mutation]
  5928 | D:7      | XOM: enchant monster (bad)
  5978 | D:8      | Paralysed by a hornet for 1 turns
  6322 | D:7      | XOM: silly message
  6328 | D:8      | Paralysed by a hornet for 1 turns
  6345 | D:8      | XOM: 1-stop teleportation journey
  6389 | D:8      | Mangled by an orc warrior

Levels and vault maps discovered:
D:1:      nicolae_arrival_washed_ashore, layout_basic, kennysheep_crisscross
D:2:      layout_basic, first_ration
D:3:      layout_rooms, chequers_ecumenical_altar_simple,
          kennysheep_nondescript, grunt_dithmenos_smoke
D:4:      layout_cave_pods, nicolae_overflow_hidden_temple,
          grunt_temple_overflow_diamond, st_stairs_7, tgw_xom
D:5:      minmay_razor_zed, layout_basic, basic_altar, gup_sewer_entry_bowl,
          uniq_duvessa
D:6:      layout_loops_ring, yredelemnul_altar_generic
D:7:      layout_basic, grunt_temple_overflow_champion_of_chaos,
          nicolae_qazlal_general_emergency, slow_altar_1,
          minmay_temple_entry_junction_2, serial_shops, nicolae_shop_waterfront
D:8:      kennysheep_town

Skill      XL: |  1  2  3  4  5  6  7  8  9 |
---------------+----------------------------+-----
Long Blades    | 4 5 6 7 8 9 10 | 10.7
Fighting       | 4 |  4.1
Armour         | 3 4 5 6 7 9 |  9.5
Shields        | 1 2 3 5 7 9 |  9.7
Dodging        | |  1.1

Action                   |  1- 3 |  4- 6 |  7- 9 || total
-------------------------+-------+-------+-------++-------
Melee: Falchion          |    99 |    80 |   385 ||   564
       Headbutt          |     9 |    13 |    68 ||    90
Throw: Dart              |       |     8 |     6 ||    14
       Boomerang         |       |       |     7 ||     7
Evoke: Wand              |       |       |     3 ||     3
  Use: Scroll            |       |     3 |     7 ||    10
       Potion            |       |     2 |     3 ||     5
 Stab: Paralysed         |     1 |       |     4 ||     5
       Confused          |       |       |     1 ||     1
       Petrifying        |       |       |     1 ||     1
       Petrified         |       |       |     1 ||     1
  Eat: Chunk             |     2 |     2 |    14 ||    18
Armor: Leather armour    |    58 |    10 |       ||    68
       Chain mail        |       |     4 |   148 ||   152
Dodge: Dodged            |    63 |    26 |   120 ||   209
Block: Shield            |     9 |    25 |   197 ||   231
       Rpst.: Falchion   |    14 |     5 |    27 ||    46

Table legend:
 A = Non-vault XP
 B = Vault XP
 C = Vault XP percentage of total XP
 D = Non-vault monster count
 E = Vault monster count
 F = Vault count percentage of total count
                 A         B        C        D         E       F
            +---------+---------+-------+---------+---------+-------
      Total |    3887 |    1255 |  24.4 |     137 |      32 |  18.9
            +---------+---------+-------+---------+---------+-------
        D:1 |      58 |       0 |   0.0 |      27 |       0 |   0.0
        D:2 |      52 |       0 |   0.0 |      18 |       0 |   0.0
        D:3 |      40 |       0 |   0.0 |      14 |       0 |   0.0
        D:4 |     691 |       6 |   0.9 |      15 |       2 |  11.8
        D:5 |     925 |     623 |  40.2 |      29 |      17 |  37.0
        D:6 |    1175 |       0 |   0.0 |      22 |       0 |   0.0
        D:7 |     655 |     353 |  35.0 |      10 |       4 |  28.6
        D:8 |     291 |     128 |  30.5 |       2 |       1 |  33.3
      Sewer |       0 |     145 | 100.0 |       0 |       8 | 100.0
            +---------+---------+-------+---------+---------+-------
